Map: Apotheosis LE

Players

Radeus

  • Race: Zerg Zerg
  • League: Gold

BuddhiBadugi

  • Race: Zerg Zerg

Gracz

  • Race: Zerg Zerg
  • League: Bronze

OpferAnode

  • Race: Zerg Zerg

VOD

Have the link to the VOD?

Description

Time

  • Played on: Sept. 16, 2016, 4:20 p.m.
  • Length: 7:01
Show
View Real Time Build Order
Export as new Build Order

Radeus Zerg 

Build Orders: Hatch First 

Get SALT Encoding   

  12  0:01  Drone  
  13  0:13  Overlord  
  13  0:17  Drone  
  14  0:34  Drone x2  
  14  0:35  Drone  
  17  0:57  Hatchery  
  17  0:59  Drone  
  17  1:06  Drone  
  17  1:09  Extractor  
  17  1:20  Spawning Pool  
  17  1:22  Drone  
  17  1:32  Drone  
  18  1:36  Drone  
  19  1:47  Overlord  
  19  2:07  Zergling x4  
  21  2:09  Spine Crawler  
  21  2:10  Queen  
  22  2:19  Queen  
  22  2:22  Drone  
  26  2:23  Drone  
  26  2:25  Spine Crawler  
  26  2:33  Metabolic Boost  
  26  2:39  Drone  
  27  2:47  Drone x3  
  30  2:55  Queen  
  30  2:57  Zergling x4  
  34  3:04  Drone  
  35  3:06  Drone  
  36  3:13  Baneling Nest  
  36  3:16  Drone  
  36  3:24  Overlord x2  
  36  3:34  Evolution Chamber  
  36  3:41  Drone  
  36  3:44  Drone x2  
  38  3:49  Drone x5  
  42  3:57  Zergling x2  
  43  4:07  Zergling x6  
  45  4:10  Overlord  
  45  4:17  Zergling x8  
  48  4:25  Zerg Ground Armor Level 1  
  48  4:30  Zergling x2  
  49  4:46  Zergling x4  
  49  4:50  Extractor  
  49  4:52  Drone x3  
  53  4:53  Drone  
  53  4:54  Drone  
  55  5:01  Hatchery  
  54  5:25  Extractor  
  54  5:27  Extractor  
  53  5:32  Hatchery  
  52  6:16  Drone  
  52  6:17  Drone x5  
  55  6:18  Drone x3  
  55  6:23  Overlord x2  
  55  6:32  Zergling x2  
  52  6:33  Zergling x4  
  52  6:37  Zergling x2  
Show
View Real Time Build Order
Export as new Build Order

BuddhiBadugi Zerg 

Build Orders: Hatch First 

Get SALT Encoding   

  12  0:01  Drone  
  13  0:09  Drone  
  14  0:18  Extractor  
  14  0:20  Extractor  
  12  0:22  Drone x2  
  12  0:27  Overlord  
  16  0:45  Drone x2  
  18  0:57  Hatchery  
  17  1:05  Extractor  
  17  1:08  Drone  
  17  1:15  Spawning Pool  
  16  1:20  Drone  
  16  1:22  Drone  
  18  1:28  Drone  
  19  1:38  Overlord  
  19  2:03  Queen  
  19  2:04  Zergling x4  
  23  2:15  Zergling x2  
  24  2:20  Queen  
  26  2:31  Metabolic Boost  
  26  2:47  Queen  
  28  2:52  Drone x2  
  28  2:53  Drone  
  28  2:56  Zergling x4  
  33  3:05  Overlord  
  33  3:24  Zergling x2  
  33  3:25  Zergling x2  
  35  3:59  Roach Warren, Zergling x2  
  34  4:12  Drone x3  
  34  4:13  Drone x4  
  34  4:14  Drone x3  
  34  4:15  Overlord x3  
  43  4:30  Overlord  
  43  4:39  Roach x7  
  43  4:42  Roach  
  59  4:51  Drone x2  
  59  4:52  Extractor  
  60  4:53  Drone x2  
  60  4:54  Drone  
  63  5:07  Hatchery  
  62  5:39  Lair  
  62  5:46  Evolution Chamber  
  62  5:47  Evolution Chamber, Drone x2  
  62  5:49  Drone x5  
  67  5:54  Overlord x4  
  65  6:22  Drone  
  65  6:23  Drone x9  
  74  6:29  Drone  
  74  6:30  Drone x2  
  76  6:42  Spine Crawler  
  76  6:43  Spine Crawler  
  76  6:46  Drone x3  
  74  6:58  Hydralisk Den  
Show
View Real Time Build Order
Export as new Build Order

Gracz Zerg 

Build Orders:  

Get SALT Encoding   

Show
View Real Time Build Order
Export as new Build Order

OpferAnode Zerg 

Build Orders:  

Get SALT Encoding   

Tags
 
Add a new tag
Caveats
  • Supply blocks, unpowered buildings, or Contaminate may cause inaccurate times.
  • Supply counts are checked every 10 seconds.